 Dungeon Crawl Stone Soup version 0.31-a0-256-g80acddb972 (webtiles) character file.

Game seed: 15118925523825328956

94 qw the Shooter (level 4, -2/36 HPs)
             Began as a Minotaur Hexslinger on July 12, 2023.
             Killed from afar by Sigmund (6 damage)
             ... with a puff of flame
             ... on level 2 of the Dungeon.
             The game lasted 00:00:46 (1608 turns).

qw the Shooter (Minotaur Hexslinger)                Turns: 1608, Time: 00:00:47

Health: -2/36      AC:  5    Str: 10 (12) XL:     4   Next: 38%
Magic:  4/4        EV: 10    Int:  8 (10) God:
Gold:   139        SH:  0    Dex: 13 (15) Spells: 4/5 levels left

rFire   + . .        Y - +2 sling (flame)
rCold   . . .        (no shield)
rNeg    . . .        l - +0 ring mail
rPois   +            (helmet restricted)
rElec   .            (no cloak)
rCorr   .            (no gloves)
SInv    .            (no boots)
Will    .....        (no amulet) Stlth
                     a - ring of poison resistance
HPRegen 0.26/turn    m - ring of protection from fire
MPRegen 0.09/turn

%: no passive effects
@: confused
A: horns 2, retaliatory headbutt
a: no special abilities


You were on level 2 of the Dungeon.
You visited 1 branch of the dungeon, and saw 3 of its levels.

You collected 139 gold pieces.


Innate Abilities, Weirdness & Mutations

You have a pair of horns on your head.
You reflexively headbutt those who attack you in melee.


   Skills:
 - Level 2.0 Fighting
 - Level 4.9 Ranged Weapons
 + Level 0.0 Armour
 - Level 2.1 Dodging
 - Level 1.0 Spellcasting
 - Level 2.0 Hexes


You had 4 spell levels left.
You knew the following spells:

 Your Spells              Type           Power      Damage    Failure   Level
a - Slow                  Hex            12%        N/A       41%         1

Your spell library contained the following spells:

 Spells                   Type           Power      Damage    Failure   Level
 Inner Flame              Hex/Fire       2%         N/A       90%         3
 Portal Projectile        Hex/Tloc       4%         N/A       90%         3
 Cause Fear               Hex            1%         N/A       99%         4

Inventory:

Hand Weapons
 Y - a +2 sling of flaming (weapon)
Armour
 l - a +0 ring mail (worn)
Jewellery
 a - a ring of poison resistance (left hand)
 m - a ring of protection from fire (right hand)
Scrolls
 b - a scroll of identify
Potions
 g - a potion of haste {unknown}
 h - a potion of resistance {unknown}
 i - a potion of lignification {unknown}

Dungeon Overview and Level Annotations

Branches:
Dungeon (3/15)

Altars:

Annotations:
D:2 Sigmund


Message History

HP restored.
Done exploring.
(D) Dungeon
Where to? (* - list waypoints, Enter - D:3, ? - help)
What level of the Dungeon? (default 1, ? - help)
You climb downwards.
Level annotation: Sigmund Sigmund hits you with a +0 scythe!
There is a stone staircase leading up, spattered with blood here.
1591 ||| STAIRDANCE Sigmund closely misses you.
You climb upwards.
There is a stone staircase leading down here.
You shoot a sling bullet.
The sling bullet closely misses Sigmund.
Sigmund closely misses you. You furiously retaliate!
You headbutt Sigmund, but do no damage. You shoot a sling bullet.
The sling bullet hits Sigmund.
The sling bullet burns Sigmund.
Sigmund is almost dead.
Sigmund barely misses you.
You shoot a sling bullet. The sling bullet barely misses Sigmund.
Sigmund points at you and mumbles some strange words.
You are confused.
Sigmund gestures at you while chanting. The magic dart hits you!
Sigmund hits you with a +0 scythe! Sigmund gestures at you while chanting.
You are more confused.
Sigmund casts a spell at you.
You are more confused.
Sigmund closely misses you. Sigmund hits you with a +0 scythe.
Sigmund closely misses you.
Sigmund points at you and mumbles some strange words.
You are more confused.
Sigmund misses you. Sigmund casts a spell at you. The puff of flame hits you.
You resist.
You die...

#.#########.#.##...#
#.#..)........###.##
#.#.#######.#.###...
#.#.# #.........
#.#.# ##########
#.#.##### ##.
#.......## ##..
#.@......########...
##.@................
#..###.############
#..# #.#...........
#.## #.#.##########
#.# #.#.# # #.#
#.#.# # #.# #.#.# #
#.# #.#.# #
#.####.#.##########


You could see Sigmund.

Vanquished Creatures
  4 adders (D:2)
  2 worms (D:2)
  4 dart slugs
  4 endoplasms (D:1)
  2 giant cockroaches (D:2)
  6 goblins
  4 hobgoblins
  3 quokkas (D:1)
  3 ball pythons
  2 bats
  A frilled lizard (D:1)
  5 kobolds
  5 rats
45 creatures vanquished.

Notes
Turn   | Place    | Note
-------+----------+-------------------------------------------
     0 | D:1      | qw the Minotaur Hexslinger began the quest for the Orb.
     0 | D:1      | Reached XP level 1. HP: 16/16 MP: 1/1
     0 | D:1      | 0 ||| qw: Version: 0.3-a-52-g30416fa
     0 | D:1      | 0 ||| qw: Game counter: 6725
     0 | D:1      | 0 ||| qw: Melee chars always use a shield: true
     0 | D:1      | 0 ||| qw: God list: Okawaru
     0 | D:1      | 0 ||| qw: Allow faded altars: false
     0 | D:1      | 0 ||| qw: Do Orc after clearing Dungeon:15 true
     0 | D:1      | 0 ||| qw: Do second Lair branch before Depths: true
     0 | D:1      | 0 ||| qw: Lair rune preference: random
     0 | D:1      | 0 ||| qw: Goals: Normal
     0 | D:1      | 0 ||| PLANNING D:1-11
   153 | D:1      | Reached skill level 3 in Ranged Weapons
   153 | D:1      | Reached XP level 2. HP: 23/23 MP: 2/2
   300 | D:1      | You fall into a shaft and drop 1 floor!
   321 | D:2      | Reached XP level 3. HP: 23/29 MP: 3/3
   385 | D:2      | Identified the +3 mace of Qezaw {heavy, rCorr Stlth+}
   399 | D:2      | 399 ||| UPGRADING to +0 leather armour.
   409 | D:2      | 409 ||| DROPPING +0 robe.
   410 | D:2      | 410 ||| READING scroll labelled MEIVEGRU TICS.
   411 | D:2      | 411 ||| DRINKING 2 bubbling white potions.
   412 | D:2      | 412 ||| DROPPING scroll of poison.
   413 | D:2      | 413 ||| DROPPING potion of degeneration.
   422 | D:2      | 422 ||| STAIRDANCE
   798 | D:1      | 798 ||| UPGRADING to ring of poison resistance.
   799 | D:1      | 799 ||| READING 2 scrolls labelled QITSOI CALUE.
   819 | D:2      | Reached skill level 4 in Ranged Weapons
  1001 | D:2      | Reached XP level 4. HP: 36/36 MP: 4/4
  1454 | D:2      | 1454 ||| UPGRADING to +0 ring mail.
  1464 | D:2      | 1464 ||| DROPPING +0 leather armour.
  1465 | D:2      | 1465 ||| DROPPING amulet of magic regeneration.
  1466 | D:2      | 1466 ||| UPGRADING to ring of protection from fire.
  1467 | D:2      | 1467 ||| READING scroll labelled GIBIOR IDOKHU.
  1468 | D:2      | 1468 ||| READING scroll labelled ODGHAQ PUGHAGA.
  1469 | D:2      | 1469 ||| READING scroll labelled NIMYMI OMOCIDGH.
  1470 | D:2      | 1470 ||| READING scroll labelled LOWEUXZA DEUPT.
  1493 | D:3      | Noticed Sigmund
  1496 | D:3      | 1496 ||| FLEEEEING.
  1497 | D:3      | 1497 ||| FLEEEEING.
  1498 | D:3      | 1498 ||| FLEEEEING.
  1499 | D:3      | 1499 ||| FLEEEEING.
  1500 | D:3      | 1500 ||| FLEEEEING.
  1501 | D:3      | 1501 ||| STAIRDANCE
  1538 | D:3      | 1538 ||| STAIRDANCE
  1540 | D:3      | 1540 ||| STAIRDANCE
  1591 | D:3      | 1591 ||| STAIRDANCE
  1597 | D:2      | HP: 7/36 [Sigmund/+0 scythe (11)]
  1602 | D:2      | HP: 3/36 [Sigmund/+0 scythe (6)]
  1608 | D:2      | Killed from afar by Sigmund

Levels and vault maps discovered:
D:1:      moated_graveyard_arrival, layout_loops_cross, hangedman_decor_growths
D:2:      layout_loops_ring, minmay_split_cup_large
D:3:      layout_basic, amcnicky_altar_gilded, serial_shops, shop,
          minmay_misc_feat_cross, uniq_sigmund, uniq_natasha, uniq_jessica

Skill      XL: |  1  2  3 |
---------------+----------+-----
Ranged Weapons | 3 4 |  4.9
Fighting       | 2 |  2.0
Dodging        | |  2.1
Spellcasting   | |  1.0
Hexes          | |  2.0

Action                     |  1- 3 |  4- 6 || total
---------------------------+-------+-------++-------
   Fire: Sling             |   121 |    52 ||   173
    Use: Scroll            |     2 |     4 ||     6
         Potion            |     1 |       ||     1
 Armour: Robe              |     5 |       ||     5
         Leather armour    |    10 |     3 ||    13
  Dodge: Dodged            |    34 |    22 ||    56

Table legend:
 A = Non-vault XP
 B = Vault XP
 C = Vault XP percentage of total XP
 D = Non-vault monster count
 E = Vault monster count
 F = Vault count percentage of total count
                 A         B        C        D         E       F
            +---------+---------+-------+---------+---------+-------
      Total |     118 |      17 |  12.6 |      41 |       4 |   8.9
            +---------+---------+-------+---------+---------+-------
        D:1 |      37 |       0 |   0.0 |      23 |       0 |   0.0
        D:2 |      81 |      17 |  17.3 |      18 |       4 |  18.2
            +---------+---------+-------+---------+---------+-------
